 Dungeon Crawl Stone Soup version 0.16-a0-3641-g71d4c1b (webtiles) character file.

38 Tlaon the Charlatan (level 3, -2/21 HPs)
             Began as a Kobold Artificer on Feb 22, 2015.
             Slain by Crazy Yiuf
             ... wielding a +4 quarterstaff of chaos
              (10 damage)
             ... on level 2 of the Dungeon.
             The game lasted 00:04:07 (1424 turns).

Tlaon the Charlatan (Kobold Artificer)              Turns: 1424, Time: 00:04:07

Health: -2/21      AC:  3    Str:  9    XL:     3   Next: 65%
Magic:  5/5        EV: 15    Int: 10    God:
Gold:   134        SH:  0    Dex: 17    Spells: 0 memorised, 2 levels left

rFire  . . .     SeeInvis .     a - +0 short sword
rCold  . . .     Clarity  .     e - +0 leather armour
rNeg   . . .     SustAb   .     (no shield)
rPois  .         Gourm    .     (no helmet)
rElec  .         Spirit   .     (no cloak)
rCorr  .         Warding  .     (no gloves)
rMut   .         Stasis   .     (no boots)
MR     .....                    (no amulet)
Stlth  ++........               (no ring)
                                (no ring)

@: not resistant to hostile enchantments, unstealthy
A: carnivore 3
a: no special abilities


You were on level 2 of the Dungeon.
You were completely stuffed.

You visited 1 branch of the dungeon, and saw 2 of its levels.

You collected 134 gold pieces.

Inventory:

Hand weapons
 a - a +0 short sword (weapon)
Armour
 e - a +0 leather armour (worn)
 m - a +0 ring mail
 o - a +0 shield
Magical devices
 b - a wand of flame (15)
 c - a wand of enslavement (14)
 d - a wand of random effects (13)
Scrolls
 g - a scroll of enchant armour {unknown}
 j - a scroll of magic mapping {unknown}
 k - a scroll of enchant weapon {unknown}
 l - a scroll of identify {unknown}
Potions
 i - a potion of ambrosia {unknown}
 n - a potion of haste {unknown}
Comestibles
 f - a meat ration
 h - a slice of pizza


   Skills:
 + Level 2.0 Fighting
 + Level 2.0 Short Blades
 + Level 3.0 Dodging
 + Level 2.2 Stealth
 + Level 4.1 Evocations


You had 2 spell levels left.
You didn't know any spells.

Dungeon Overview and Level Annotations

Branches:
Dungeon (2/15)

Altars:
Zin

Annotations:
D:2 Crazy Yiuf


Innate Abilities, Weirdness & Mutations

You are small and have problems with some larger weapons.
You are carnivorous and can eat meat at any time.


Message History

Crazy Yiuf smiles at you.
The rat bites Crazy Yiuf.
The rat bites Crazy Yiuf but does no damage.
Crazy Yiuf is no longer moving quickly.
The rat bites Crazy Yiuf.
Crazy Yiuf hits the rat with a quarterstaff of chaos.
The rat is poisoned.
The rat dies!
Your Fighting skill increases to level 2!
You swap places.
Crazy Yiuf zaps a wand.
Crazy Yiuf seems to speed up.
Crazy Yiuf shouts, "Die, monster!"
You see here a bread ration.
A worm comes into view.
Crazy Yiuf is no longer charmed.
You see here 13 gold pieces.
You now have 134 gold pieces (gained 13).
Crazy Yiuf barely misses you. x2
Crazy Yiuf hits you with a quarterstaff of chaos!
You die...

....#........ ...
............ ....w...
............ .......#
............ .......#
....#.♣♣._. #......##
....### ♣♣ ##.[.....#
###.# ### #........# #
#.####.#####........# #
#.....[....#..@.....# #
######.###.#..g.....#
#..##.#..r.....#
#######.##.#.†.........
............#.#<.......
..######.###.#........
#.###.#........
#..##.#.....##
##.##.#######


You could see a worm, Crazy Yiuf and a rat.

Vanquished Creatures
  An adder (D:2)
  A giant gecko (D:2)
  5 goblins (D:1)
  2 hobgoblins (D:1)
  3 jackals (D:2)
  6 kobolds (D:1)
  A ball python (D:2)
  3 bats
  3 giant cockroaches
  A giant newt (D:1)
  4 rats (D:1)
30 creatures vanquished.

Vanquished Creatures (collateral kills)
  A rat (D:2)
1 creature vanquished.

Grand Total: 31 creatures vanquished

Notes
Turn   | Place    | Note
--------------------------------------------------------------
     0 | D:1      | Tlaon, the Kobold Artificer, began the quest for the Orb.
     0 | D:1      | Reached XP level 1. HP: 12/12 MP: 1/1
     2 | D:1      | Noticed an octopode
     4 | D:1      | Noticed a human
     6 | D:1      | Noticed a demonspawn
     8 | D:1      | Noticed a naga
     8 | D:1      | Noticed a troll
    10 | D:1      | Noticed a vine stalker
    10 | D:1      | Noticed a merfolk
    12 | D:1      | Noticed a demigod
    14 | D:1      | Noticed a felid
    14 | D:1      | Noticed a formicid
    16 | D:1      | Noticed a gargoyle
    16 | D:1      | Noticed a minotaur
    18 | D:1      | Noticed a draconian
    18 | D:1      | Noticed an elf
    20 | D:1      | Noticed an ogre
    22 | D:1      | Noticed a dwarf
    22 | D:1      | Noticed a vampire
    24 | D:1      | Noticed a centaur
    24 | D:1      | Noticed a ghoul
    26 | D:1      | Noticed a tengu
    26 | D:1      | Noticed a spriggan
   180 | D:1      | Reached XP level 2. HP: 10/16 MP: 3/3
   945 | D:1      | Reached XP level 3. HP: 20/20 MP: 4/4
  1202 | D:2      | Found a glowing silver altar of Zin.
  1215 | D:2      | Reached skill level 4 in Evocations
  1378 | D:2      | Noticed Crazy Yiuf
  1424 | D:2      | Slain by Crazy Yiuf

Action                   || total
-------------------------++-------
Melee: Short sword       ||   108
Evoke: Wand              ||     3
 Stab: Sleeping          ||     4
  Eat: Chunk             ||    10
